 Dungeon Crawl Stone Soup version 0.27-a0-1217-g8a41f320e8 (webtiles) character file.

Game seed: 1290363650266279427

15 Delamore the Skirmisher (level 2, -5/25 HPs)
             Began as a Formicid Fighter on June 6, 2021.
             Was a Follower of Trog.
             Slain by a worm (6 damage)
             ... on level 2 of the Dungeon.
             The game lasted 00:00:37 (961 turns).

Delamore the Skirmisher (Formicid Fighter)           Turns: 961, Time: 00:00:38

Health: -5/25      AC:  6    Str: 20    XL:     2   Next: 65%
Magic:  2/2        EV:  7    Int:  7    God:    Trog [*.....]
Gold:   31         SH:  9    Dex: 10    Spells: 1/1 levels left

rFire    . . .     SeeInvis +   a - +0 trident
rCold    . . .     Faith    .   c - +0 kite shield
rNeg     . . .     Spirit   .   b - +0 scale mail
rPois    .         Reflect  .   (helmet unavailable)
rElec    .         Harm     .   (no cloak)
rCorr    .         Rampage  .   (no gloves)
Will     .....                  (no boots)
Stlth    ..........             (no amulet)
HPRegen  0.08/turn              (no ring)
MPRegen  0.08/turn              (no ring)

@: no status effects
A: permanent stasis, dig shafts and tunnels, antennae 3, four strong arms
a: Dig, Shaft Self, Renounce Religion


You were on level 2 of the Dungeon.
You worshipped Trog.
Trog was aware of your devotion.
You visited 1 branch of the dungeon, and saw 2 of its levels.

You collected 31 gold pieces.

Inventory:

Hand Weapons
 a - a +0 trident (weapon)
Missiles
 h - 22 poisoned darts
Armour
 b - a +0 scale mail (worn)
 c - a +0 kite shield (worn)
Scrolls
 e - a scroll of identify {unknown}
 j - a scroll of teleportation {unknown}
Potions
 d - a potion of might
 f - a potion of brilliance {unknown}
 g - 2 potions of haste {unknown}
 i - a potion of curing {unknown}


   Skills:
 + Level 3.7 Fighting
 * Level 2.6 Polearms
 - Level 3.2 Armour
 - Level 3.6 Shields


You had one spell level left.
You didn't know any spells.
Your spell library contained the following spells:

 Spells                   Type           Power      Damage    Failure   Level
 Magic Dart               Conj           0%         1d3       99%         1
 Call Imp                 Summ           0%         N/A       99%         2
 Slow                     Hex            0%         N/A       99%         2
 Conjure Flame            Conj/Fire      0%         6-21      100%        3
 Mephitic Cloud           Conj/Pois/Air  0%         N/A       100%        3
 Blink                    Tloc           Unusable   N/A       N/A         2

Dungeon Overview and Level Annotations

Branches:
Dungeon (2/15)

Altars:
Trog


Innate Abilities, Weirdness & Mutations

You cannot be hasted, slowed, berserked, paralysed or teleported.
You can dig through walls and to a lower floor.
You have a pair of large antennae on your head. (SInv)
Your four strong arms can wield two-handed weapons with a shield.


Message History

You puncture the endoplasm!
You kill the endoplasm!
Trog accepts your kill. The worm bites you!
You hit the worm but do no damage. You hit the worm but do no damage.
The worm barely misses you.
You barely miss the worm. The worm bites you but does no damage.
You barely miss the worm. The worm bites you!
You are too injured to fight recklessly!
You are too injured to fight recklessly!
You are too injured to fight recklessly!
You are too injured to fight recklessly!
You are too injured to fight recklessly!
You are too injured to fight recklessly!
You are too injured to fight recklessly!
You are too injured to fight recklessly!
You are too injured to fight recklessly!
You are too injured to fight recklessly!
A worm is nearby!
You barely miss the worm. The worm bites you.
* * * LOW HITPOINT WARNING * * *
You hit the worm.
The worm is lightly wounded.
The worm bites you but does no damage.
You hit the worm.
The worm is heavily wounded.
You hit the worm.
The worm is severely wounded.
You block the worm's attack.
You completely miss the worm.
The worm is severely wounded.
You block the worm's attack.
You barely miss the worm.
The worm is heavily wounded.
The worm bites you.
* * * LOW HITPOINT WARNING * * *
You hit the worm.
The worm is severely wounded.
The worm bites you.
You die...

#.#............
#..............
##########.............
...................... #
.......................#
..................####..
.........$..##........#
......................#
......w@...#.#........#
.............#.<......#
...........#.##.#.#####
................#.#
...........##.#.#.#
###......####.#.#.#
#......# # #.#.#
#......# #.#.. #.###


You could see a worm.

Vanquished Creatures
  An endoplasm (D:2)
  A giant cockroach (D:1)
  2 goblins (D:1)
  2 jackals (D:1)
  4 kobolds (D:1)
  2 ball pythons (D:1)
12 creatures vanquished.

Notes
Turn   | Place    | Note
-------+----------+-------------------------------------------
     0 | D:1      | Delamore the Formicid Fighter began the quest for the Orb.
     0 | D:1      | Reached XP level 1. HP: 18/18 MP: 1/1
   283 | D:1      | Reached XP level 2. HP: 24/24 MP: 2/2
   354 | D:1      | Found a faded altar of an unknown god.
   381 | D:1      | Became a worshipper of Trog the Wrathful
   381 | D:1      | Reached * piety under Trog
   960 | D:2      | HP: 1/25 [worm (6)]
   961 | D:2      | Slain by a worm

Illustrated notes

Levels and vault maps discovered:
D:1:      dpeg_arrival_another_circle, layout_loops_ring, basic_ecumenical_altar
D:2:      layout_basic, minmay_joined_circles

Action                   || total
-------------------------++-------
Melee: Trident           ||    51
Armor: Scale mail        ||    12
Dodge: Dodged            ||    14
Block: Kite shield       ||    18

Table legend: (Time is in decaauts)
 A = Elapsed time spent in this place.
 B = Non-inter-level travel time spent in this place.
 C = Inter-level travel time spent in this place.
 D = Time resting spent in this place.
 E = Time spent auto-exploring this place.
 F = Levels seen in this place.
 G = Mean time per level.
                   A        B        C        D        E       F      G
               +--------+--------+--------+--------+--------+-----+--------+
         Total |    979 |    929 |     50 |      0 |    813 |   2 |  489.5 |
       Dungeon |    979 |    929 |     50 |      0 |    813 |   2 |  489.5 |
               +--------+--------+--------+--------+--------+-----+--------+

Top non-repeatable levels by time:
     D:1: 946 daAuts
     D:2: 32 daAuts
